 Dungeon Crawl Stone Soup version 0.31-a0-1074-g0b22e4e0f1 (webtiles) character file.

Game seed: 4563972628365039946

73 Curundu the Trooper (level 4, 0/40 HPs)
             Began as a Draconian Berserker on Nov 29, 2023.
             Was a Believer of Trog.
             Slain by an orc priest
             ... wielding a +0 mace
              (5 damage)
             ... on level 3 of the Dungeon.
             The game lasted 00:15:29 (3034 turns).

Curundu the Trooper (Draconian Berserker)           Turns: 3034, Time: 00:15:29

Health: 0/40       AC:  5    Str: 25    XL:     4   Next: 8%
Magic:  4/4        EV: 12    Int:  8    God:    Trog [**....]
Gold:   107        SH:  0    Dex: 12    Spells: 3/3 levels left

rFire   . . .        t - +0 dagger (speed)
rCold   . . .        (no shield)
rNeg    . . .        (body armour unavailable)
rPois   .            (helmet restricted)
rElec   .            (no cloak)
rCorr   .            (no gloves)
SInv    .            (no boots)
Will    .....        (no amulet)
Stlth   +            d - +6 ring of strength
HPRegen 0.26/turn    (no ring)
MPRegen 0.09/turn

%: no passive effects
@: no status effects
A: AC +5, unfitting armour, cold-blooded
a: Renounce Religion, Berserk, Trog's Hand


You were on level 3 of the Dungeon.
You worshipped Trog.
Trog was pleased with you.
You visited 1 branch of the dungeon, and saw 3 of its levels.

You collected 107 gold pieces.

Inventory:

Hand Weapons
 a - a +0 short sword
 p - a +0 sling
 t - a +0 dagger of speed (weapon)
Missiles
 e - 18 stones
 n - 6 silver javelins
Magical Staves
 l - a staff of death
Jewellery
 d - a +6 ring of strength (left hand)
 i - a ring of resist corrosion
Wands
 m - a wand of iceblast (10)
Scrolls
 h - a scroll of silence {unknown}
 k - a scroll of enchant weapon {unknown}
 o - 2 scrolls of identify {unknown}
 r - a scroll of noise {unknown}
 s - a scroll of acquirement {unknown}
 v - a scroll of teleportation {unknown}
Potions
 b - 2 potions of mutation {unknown}
 c - 2 potions of attraction {unknown}
 f - 3 potions of curing {unknown}
 g - 2 potions of ambrosia {unknown}
 j - a potion of brilliance {unknown}
 q - 2 potions of lignification {unknown}
 u - a potion of enlightenment {unknown}


   Skills:
 + Level 4.0 Fighting
 + Level 3.8 Short Blades
 + Level 0.2 Ranged Weapons
 + Level 3.3 Dodging
 + Level 0.3 Stealth


You had 3 spell levels left.
You didn't know any spells.
Your spell library was empty.

Dungeon Overview and Level Annotations

Branches:
Dungeon (3/15)

Altars:

Shops:
D:1 [   D:2 [


Innate Abilities, Weirdness & Mutations

Your plain brown scales are hard. (AC +5)
You cannot fit into any form of body armour.
You are cold-blooded and may be slowed by cold attacks.


Message History

The orc priest is moderately wounded.
You hit the orc priest.
The orc priest is moderately wounded.
The orc priest completely misses you.
You hit the orc priest but do no damage.
You punch the orc priest, but do no damage.
The orc priest is moderately wounded.
You closely miss the orc priest.
The orc priest is moderately wounded.
The orc priest calls down the wrath of Beogh upon you.
Beogh smites you!
* * * LOW HITPOINT WARNING * * *
You closely miss the orc priest.
The orc priest is moderately wounded.
You closely miss the orc priest.
The orc priest is moderately wounded.
The orc priest barely misses you.
You hit the orc priest but do no damage.
The orc priest is moderately wounded.
You hit the orc priest but do no damage.
You tail-slap the orc priest.
The orc priest is heavily wounded.
The orc priest calls down the wrath of Beogh upon you.
Pain shoots through your body!
* * * LOW HITPOINT WARNING * * *
You closely miss the orc priest.
Your tail-slap misses the orc priest.
The orc priest is heavily wounded.
The orc priest closely misses you.
You hit the orc priest but do no damage.
You tail-slap the orc priest.
The orc priest is heavily wounded.
You barely miss the orc priest.
The orc priest is heavily wounded.
The orc priest barely misses you.
You hit the orc priest but do no damage.
The orc priest is heavily wounded.
You barely miss the orc priest.
The orc priest is heavily wounded.
The orc priest hits you with a +0 mace.
You die...

.# .. .# .# o# .#
###########.#
#########.......@o..#
#.........###########
#.######### #># #.#
#.# #.# ..# ###


You could see an orc priest.

Vanquished Creatures
  2 adders (D:2)
  2 worms (D:3)
  A dart slug (D:2)
  An orc (D:3)
  5 endoplasms
  A giant cockroach (D:2)
  7 goblins
  3 hobgoblins (D:1)
  3 ball pythons
  8 bats
  2 frilled lizards
  4 kobolds
  6 rats
45 creatures vanquished.

Notes
Turn   | Place    | Note
-------+----------+-------------------------------------------
     0 | D:1      | Curundu the Draconian Berserker began the quest for the
                  | Orb.
     0 | D:1      | Reached XP level 1. HP: 19/19 MP: 1/1
   360 | D:1      | Found Kafusuk's Antique Armour Shop.
   384 | D:1      | Reached XP level 2. HP: 21/26 MP: 2/2
  1552 | D:2      | Reached XP level 3. HP: 29/33 MP: 3/3
  1711 | D:2      | Reached ** piety under Trog
  2238 | D:2      | Found Tieggu's Armour Boutique.
  2680 | D:3      | Reached skill level 4 in Fighting
  2680 | D:3      | Reached XP level 4. HP: 22/40 MP: 4/4
  3034 | D:3      | Slain by an orc priest

Illustrated notes

Levels and vault maps discovered:
D:1:      erik_arrival_cave_to_civilisation [erik_arrival_cave_to_hall],
          layout_basic, serial_shops,
          nicolae_shop_temple_entry_statues_fountains, chequers_decorated_corner
D:2:      layout_loops_corners, serial_shops, shop, minmay_diced_spiral
D:3:      layout_loops_ring, mainiacjoe_overflow_boulevard

Skill      XL: |  1  2  3 |
---------------+----------+-----
Dodging        | 3 |  3.3
Fighting       | 4 |  4.0
Short Blades   | |  3.8
Ranged Weapons | |  0.2
Stealth        | |  0.3

Action                     |  1- 3 |  4- 6 || total
---------------------------+-------+-------++-------
  Melee: Short sword       |   141 |       ||   141
         Tailslap          |    22 |     5 ||    27
         Dagger            |    23 |    43 ||    66
         Punch             |       |     1 ||     1
   Fire: Sling             |     7 |     2 ||     9
   Stab: Sleeping          |     2 |       ||     2
 Armour: Skin              |    89 |    10 ||    99
  Dodge: Dodged            |   103 |    10 ||   113

Table legend: (Time is in decaauts)
 A = Elapsed time spent in this place.
 B = Non-inter-level travel time spent in this place.
 C = Inter-level travel time spent in this place.
 D = Time resting spent in this place.
 E = Time spent auto-exploring this place.
 F = Levels seen in this place.
 G = Mean time per level.
                   A        B        C        D        E       F      G
               +--------+--------+--------+--------+--------+-----+--------+
         Total |   2980 |   2980 |      0 |    274 |      0 |   3 |  993.3 |
       Dungeon |   2980 |   2980 |      0 |    274 |      0 |   3 |  993.3 |
               +--------+--------+--------+--------+--------+-----+--------+

Top non-repeatable levels by time:
     D:1: 1381 daAuts
     D:2: 1192 daAuts
     D:3: 407 daAuts
